 Dungeon Crawl Stone Soup version 0.31.0-32-g396128a36d (webtiles) character file.

Game seed: 737962357644952846

77 Alphaeus the Changeling (level 4, -7/22 HPs)
             Began as a Spriggan Shapeshifter on Mar 19, 2024.
             Mangled by a kobold brigand
             ... wielding a +0 short sword
              (9 damage)
             ... on level 3 of the Dungeon.
             The game lasted 00:01:32 (1712 turns).

Alphaeus the Changeling (Spriggan Shapeshifter)     Turns: 1712, Time: 00:01:33

Health: -7/22      AC:  2    Str: 10 (12) XL:     4   Next: 13%
Magic:  5/5        EV: 18    Int:  8 (11) God:
Gold:   119        SH:  0    Dex: 17 (20) Spells: 3/3 levels left

rFire   . .          .
                       - Unarmed
rCold   . . .        (no shield)
rNeg    . . .        a - +0 animal skin
rPois   .            (helmet currently unavailable)
rElec   .            (cloak currently unavailable)
rCorr   .            (gloves unavailable)
SInv    +            (boots unavailable)
Will    .....        (no amulet)
Stlth   ++           g - +6 ring of dexterity
HPRegen 0.23/turn    (no ring)
MPRegen 0.09/turn

%: no passive effects
@: lethally poisoned (-7 -> -8), beast-form, very quick
A: beast (slay +2), very small, no large weapons, unfitting armour, see
invisible, speed 3
a: Begin Untransformation


You were on level 3 of the Dungeon.
You were a hulking beast.
You visited 1 branch of the dungeon, and saw 3 of its levels.

You collected 119 gold pieces.

Inventory:

Armour
 a - a +0 animal skin (worn)
Jewellery
 g - a +6 ring of dexterity (left hand)
 l - a ring of ice
Talismans
 c - a beast talisman
 d - a flux talisman
Wands
 k - a wand of polymorph (9)
Scrolls
 f - 2 scrolls of amnesia {unknown}
 m - 2 scrolls of identify {unknown}
 n - a scroll of immolation {unknown}
 o - a scroll of teleportation {unknown}
Potions
 b - a potion of lignification
 e - a potion of resistance {unknown}
 h - a potion of mutation {unknown}
 i - a potion of degeneration
 j - a potion of haste {unknown}
 p - a potion of curing {unknown}


   Skills:
 + Level 1.3 Fighting
 * Level 4.0 Dodging
 + Level 2.7 Unarmed Combat
 * Level 4.9 Shapeshifting


You had 3 spell levels left.
You didn't know any spells.
Your spell library contained the following spells:

 Spells                   Type           Power      Damage    Failure   Level
 Fugue of the Fallen      Necr           0%         N/A       78%         3
 Ozocubu's Armour         Ice            0%         N/A       78%         3
 Manifold Assault         Tloc           0%         N/A       99%         4
 Passage of Golubria      Tloc           0%         N/A       99%         4
 Silence                  Hex/Air        0%         N/A       100%        5
 Lehudib's Crystal Spear  Conj/Erth      0%         10d2      100%        8


Dungeon Overview and Level Annotations

Branches:
Dungeon (3/15)

Altars:

Annotations:
D:2 1 runed translucent door, Crazy Yiuf


Innate Abilities, Weirdness & Mutations

You are a hulking beast.
Your limbs bulge with bestial killing power. (Slay +2)
You are very small and have problems with some larger weapons.
You are too small for most types of armour.
You have supernaturally acute eyesight. (SInv)
You cover ground extremely quickly. (Speed+++)


Message History

A frilled lizard comes into view.
A kobold brigand comes into view.
It is wielding a +0 short sword and quivering poisoned darts.
The frilled lizard hisses angrily.
The kobold brigand shouts!
The kobold brigand throws a poisoned dart.
The poisoned dart hits you!
You are poisoned.
The frilled lizard closely misses you.
You hit the frilled lizard.
You kill the frilled lizard!
You feel very sick.
You feel sick. The kobold brigand barely misses you.
You hit the kobold brigand.
The kobold brigand is lightly wounded.
You feel sick. The kobold brigand barely misses you.
You closely miss the kobold brigand.
The kobold brigand is lightly wounded.
You feel sick. The kobold brigand misses you.
You closely miss the kobold brigand.
The kobold brigand is lightly wounded.
You feel sick.
The kobold brigand hits you with a +0 short sword.
You hit the kobold brigand.
The kobold brigand is lightly wounded.
You feel sick.
The kobold brigand hits you with a +0 short sword.
You hit the kobold brigand.
The kobold brigand is moderately wounded.
You feel sick.
The kobold brigand hits you with a +0 short sword.
* * * LOW HITPOINT WARNING * * *
You hit the kobold brigand but do no damage.
The kobold brigand is moderately wounded.
The kobold brigand barely misses you.
It was a potion of degeneration.
There was something very wrong with that liquid.
You feel weakened.
You feel dopey.
You feel clumsy.
* * * LOW HITPOINT WARNING * * *
You feel sick.
The kobold brigand hits you with a +0 short sword!
You die...

........#..#
##.........# .#
########...< .#
#########.... .#
..##...###.## #.#
......#.##... ..#####
#....#..# ..#
###....... .#..#...#
#.# #..K..#
..##...####.###.h...#
####...##.......†...#
#...#..##.####.....#
##..#.#.##.#
#........
#....#..##.#
#########
.......##..#
.#.....##.##
..........#
###########


You could see a kobold brigand.

Vanquished Creatures
  Ijyb (D:2)
  An adder (D:2)
  A dart slug (D:1)
  2 ribbon worms
  3 bats
  3 endoplasms
  2 giant cockroaches
  2 hobgoblins (D:1)
  3 quokkas
  4 ball pythons
  2 frilled lizards
  7 goblins
  2 kobolds
  3 rats
36 creatures vanquished.

Notes
Turn   | Place    | Note
-------+----------+-------------------------------------------
     0 | D:1      | Alphaeus the Spriggan Shapeshifter began the quest for the
                  | Orb.
     0 | D:1      | Reached XP level 1. HP: 9/9 MP: 2/2
   111 | D:1      | Reached skill level 1 in Fighting
   111 | D:1      | Reached XP level 2. HP: 14/14 MP: 3/3
   581 | D:2      | Reached XP level 3. HP: 18/18 MP: 4/4
   584 | D:2      | Noticed Ijyb
   602 | D:2      | Killed Ijyb
   779 | D:2      | Found a runed translucent door.
   780 | D:2      | Noticed Crazy Yiuf
   852 | D:2      | Found a faded altar of an unknown god.
   887 | D:2      | Reached XP level 4. HP: 22/22 MP: 5/5
  1700 | D:3      | Noticed a kobold brigand
  1712 | D:3      | Mangled by a kobold brigand

Illustrated notes

Levels and vault maps discovered:
D:1:      psy_arrival_basics, layout_basic, kennysheep_boxes
D:2:      kennysheep_the_goblin_king, layout_basic, basic_ecumenical_altar,
          nicolae_underground_beach, uniq_crazy_yiuf_cottage
D:3:      layout_loops_ring, hangedman_decor_slide_cut, kennysheep_minor_cross

Skill      XL: |  1  2  3  4 |
---------------+-------------+-----
Dodging        | 3 4 |  4.0
Fighting       | 1 |  1.3
Unarmed Combat | |  2.7
Shapeshifting  | |  4.9

Action                     |  1- 3 |  4- 6 || total
---------------------------+-------+-------++-------
  Melee: Unarmed           |    87 |    24 ||   111
         Punch             |     3 |     1 ||     4
    Use: Potion            |       |     1 ||     1
   Stab: Sleeping          |     1 |       ||     1
 Armour: Animal skin       |    16 |     8 ||    24
         Skin              |     3 |       ||     3
  Dodge: Dodged            |    58 |    15 ||    73
